 Dungeon Crawl Stone Soup version 0.29.1-15-g9cfb28693d (webtiles) character file.

Game seed: 5963371429477011984

4078 EarthwalkerPL the Protected (level 10, -2/93 HPs)
             Began as a Minotaur Fighter on Mar 26, 2023.
             Was an Elder of Okawaru.
             Asphyxiated
             ... on level 8 of the Dungeon.
             The game lasted 00:14:52 (9864 turns).

EarthwalkerPL the Protected (Minotaur Fighter)      Turns: 9864, Time: 00:14:53

Health: -2/93      AC: 18    Str: 23    XL:     10   Next: 5%
Magic:  9/9        EV:  8    Int:  5    God:    Okawaru [****..]
Gold:   417        SH:  5    Dex: 10    Spells: 9/9 levels left

rFire   + . .      SeeInvis .   a - +0 war axe
rCold   . . .      Faith    .   c - +0 buckler
rNeg    + . .      Spirit   .   K - +4 chain mail {rF+}
rPois   .          Reflect  .   (helmet unavailable)
rElec   .          Harm     .   (no cloak)
rCorr   .          Rampage  .   G - +1 pair of gloves
Will    .....                   (no boots)
Stlth   ..........              (no amulet)
HPRegen 0.25/turn               o - ring of positive energy
MPRegen 0.11/turn               (no ring)

@: brilliant, lethally poisoned (-2 -> -31), slowed, very slow
A: horns 3, retaliatory headbutt, weak 1, MP-powered wands
a: Renounce Religion, Heroism, Finesse


You were on level 8 of the Dungeon.
You worshipped Okawaru.
Okawaru was greatly pleased with you.
You visited 2 branches of the dungeon, and saw 9 of its levels.

You collected 417 gold pieces.

Inventory:

Hand Weapons
 a - a +0 war axe (weapon)
 E - a +0 hand axe of flaming
Missiles
 i - 3 boomerangs
 C - 26 poisoned darts (quivered)
 I - a javelin
 J - 2 throwing nets
 N - a curare-tipped dart
 O - 6 atropa-tipped darts
Armour
 b - a +0 scale mail
 c - a +0 buckler (worn)
 F - a +0 plate armour
 G - a +1 pair of gloves (worn)
 K - a +4 chain mail of fire resistance (worn)
Jewellery
 o - a ring of positive energy (left hand)
Wands
 r - a wand of acid (15)
Scrolls
 e - 4 scrolls of butterflies {unknown}
 f - 5 scrolls of torment {unknown}
 g - 4 scrolls of fear {unknown}
 l - 3 scrolls of poison {unknown}
 m - 2 scrolls of brand weapon {unknown}
 p - 7 scrolls of identify {unknown}
 s - 2 scrolls of vulnerability {unknown}
 u - 6 scrolls of teleportation {unknown}
 y - a scroll of blinking {unknown}
 z - 4 scrolls of enchant weapon {unknown}
 A - 2 scrolls of noise {unknown}
 B - a scroll of enchant armour {unknown}
 D - a scroll of acquirement {unknown}
 H - a scroll of magic mapping {unknown}
 L - a scroll of summoning {unknown}
Potions
 d - 2 potions of might
 h - 2 potions of mutation
 j - 3 potions of heal wounds {unknown}
 k - 2 potions of haste {unknown}
 n - 3 potions of brilliance
 q - 3 potions of degeneration {unknown}
 t - a potion of curing {unknown}
 v - a potion of berserk rage {unknown}
 w - 4 potions of attraction {unknown}
 x - 2 potions of lignification {unknown}
 M - a potion of resistance {unknown}


   Skills:
 * Level 10.1 Fighting
 * Level 9.5 Axes
 * Level 10.1 Armour
 + Level 7.5 Shields


You had 9 spell levels left.
You didn't know any spells.
Your spell library contained the following spells:

 Spells                   Type           Power      Damage    Failure   Level
 Ensorcelled Hibernation  Hex/Ice        0%         N/A       99%         2
 Spider Form              Tmut/Pois      0%         N/A       100%        3
 Anguish                  Hex/Necr       0%         N/A       100%        4


Dungeon Overview and Level Annotations

Branches:
Dungeon (8/15)             Temple (1/1) D:4
   Lair: D:8-11

Altars:
Ashenzari
Cheibriados
Dithmenos
Elyvilon
Fedhas
Gozag
Hepliaklqana
Kikubaaqudgha
Makhleb
Nemelex Xobeh
Okawaru
Qazlal
Ru
Sif Muna
Trog
Uskayaw
Vehumet
Wu Jian
Xom
Yredelemnul
Zin
The Shining One

Shops:
D:3 (   D:5 =   D:7 (*

Annotations:
D:4 3 runed translucent doors, Henri's ghost, novice OpVM
D:8 Maurice


Innate Abilities, Weirdness & Mutations

You have a pair of large horns on your head.
You reflexively headbutt those who attack you in melee.
You are weak. (Str -2)
You expend magic power (3 MP) to strengthen your wands.


Message History

You feel sick.
You feel sick.
A curare-tipped dart appears from out of thin air!
The curare-tipped dart hits you.
You are more poisoned.
You have difficulty breathing.
You feel yourself slow down.
You feel very sick.
A curare-tipped dart appears from out of thin air!
The curare-tipped dart hits you.
You are more poisoned.
You have difficulty breathing.
You feel as though you will be slow longer.
You feel extremely sick.
A curare-tipped dart appears from out of thin air!
The curare-tipped dart hits you.
You are more poisoned.
You have difficulty breathing.
* * * LOW HITPOINT WARNING * * *
You feel as though you will be slow longer.
It was a potion of brilliance.
You feel clever all of a sudden.
* * * LOW HITPOINT WARNING * * *
You feel extremely sick.
A curare-tipped dart appears from out of thin air!
The curare-tipped dart hits you.
You are more poisoned.
You have difficulty breathing.
* * * LOW HITPOINT WARNING * * *
You feel as though you will be slow longer.
It was a potion of mutation.
You feel extremely strange.
You feel weaker.
You feel your magical essence link to the dungeon's wands.
The horns on your head grow some more.
* * * LOW HITPOINT WARNING * * *
You feel extremely sick.
A curare-tipped dart appears from out of thin air!
The curare-tipped dart hits you.
You are more poisoned.
You have difficulty breathing.
You die...

######### #.......#
.^###.##
#.......############.>.....
#.......'.@.....{..)....>..
#[......#############......
#.......# ##### #.....g
#.......# #...# #...g.z
#..))...# #...# #..g...
####)#### #...# #...... #.#
#...#####K##### #.#
#.....g)K.# #.# ##'########


There were no monsters in sight!

Vanquished Creatures
  Pikel (D:7)
  Joseph (D:7)
  A kobold demonologist (D:7)
  A hornet (D:8)
  Sigmund (D:6)
  Menkaure (D:6)
  Duvessa (D:7)
  A water moccasin (D:6)
  A black bear (D:6)
  3 ice beasts
  A phantom (D:6)
  3 lemures (D:7)
  4 kobold brigands
  3 necrophages (D:5)
  2 scorpions
  2 water moccasin zombies (D:5)
  7 wights
  Dowan (D:7)
  A bullfrog zombie (D:5)
  2 hounds
  A human zombie (D:5)
  A gnoll bouda (D:7)
  2 jellies
  4 iguanas
  Natasha (thrice) (D:2)
  4 orc wizards
  2 scorpion zombies (D:5)
  A hound zombie (D:5)
  A mummy (D:5)
  10 adders
  13 gnolls
  3 white imps
  An adder zombie (D:5)
  A worm (D:3)
  A dart slug (D:1)
  11 orcs
  8 ball pythons
  4 bats
  20 endoplasms
  7 giant cockroaches
  7 goblins
  7 hobgoblins
  5 jackals
  8 frilled lizards
  15 kobolds
  5 rats
183 creatures vanquished.

Vanquished Creatures (others)
  10 fungi (D:2)
  4 toadstools (D:2)
14 creatures vanquished.

Grand Total: 197 creatures vanquished

Notes
Turn   | Place    | Note
-------+----------+-------------------------------------------
     0 | D:1      | EarthwalkerPL the Minotaur Fighter began the quest for the
                  | Orb.
     0 | D:1      | Reached XP level 1. HP: 19/19 MP: 0/0
   123 | D:1      | Found a faded altar of an unknown god.
   129 | D:1      | Found a faded altar of an unknown god.
   390 | D:1      | Reached XP level 2. HP: 26/27 MP: 1/1
   948 | D:1      | Reached XP level 3. HP: 32/33 MP: 2/2
  1255 | D:2      | Noticed Natasha
  1261 | D:2      | Killed Natasha
  1262 | D:2      | Reached XP level 4. HP: 29/41 MP: 3/3
  1285 | D:2      | Noticed Natasha
  1289 | D:2      | Killed Natasha
  1499 | D:2      | Identified the +5 sling of Xygiloge {venom, Dex+3}
  1598 | D:2      | Noticed Natasha
  1603 | D:2      | Killed Natasha
  1976 | D:2      | Reached XP level 5. HP: 47/47 MP: 4/4
  2079 | D:1      | Reached skill level 5 in Fighting
  2079 | D:1      | Reached skill level 5 in Armour
  2781 | D:3      | Found Fafoumua's Weapon Shop.
  3258 | D:4      | Found a staircase to the Ecumenical Temple.
  3267 | Temple   | Entered the Ecumenical Temple
  3414 | Temple   | Became a worshipper of Warmaster Okawaru
  3519 | D:4      | Reached XP level 6. HP: 37/56 MP: 5/5
  3862 | D:4      | Found a runed translucent gate.
  3863 | D:4      | Found a runed translucent gate.
  3864 | D:4      | Found a runed translucent gate.
  3865 | D:4      | Found an opulent altar of Gozag.
  3867 | D:4      | Noticed Henri's ghost (novice OpVM)
  4719 | D:5      | Entered Level 5 of the Dungeon
  4744 | D:5      | Found Nydet's Jewellery Shoppe.
  4786 | D:5      | Noticed an ice beast
  4882 | D:4      | Reached skill level 5 in Axes
  5015 | D:5      | Reached * piety under Okawaru
  5076 | D:4      | Reached XP level 7. HP: 36/63 MP: 6/6
  5382 | D:4      | Reached skill level 5 in Shields
  5867 | D:5      | Found a basalt altar of Yredelemnul.
  6045 | D:5      | Reached XP level 8. HP: 73/73 MP: 7/7
  6053 | D:5      | Reached ** piety under Okawaru
  6370 | D:6      | Noticed Menkaure
  6835 | D:6      | Killed Menkaure
  7125 | D:6      | Noticed Sigmund
  7140 | D:6      | Killed Sigmund
  7140 | D:6      | Reached *** piety under Okawaru
  7210 | D:6      | Received a gift from Okawaru
  7699 | D:7      | Reached XP level 9. HP: 78/82 MP: 8/8
  8005 | D:7      | Found Uthuywku's CLEARANCE SALE!.
  8053 | D:7      | Noticed Pikel
  8073 | D:7      | Killed Pikel
  8490 | D:7      | Noticed Joseph
  8508 | D:7      | HP: 4/83 [Joseph/+0 quarterstaff (12)]
  8510 | D:7      | Killed Joseph
  8939 | D:7      | Found Suonas's Antique Weapon Boutique.
  8952 | D:7      | Noticed Duvessa
  8969 | D:7      | Killed Duvessa
  9064 | D:7      | Noticed Dowan
  9067 | D:7      | Killed Dowan
  9293 | D:7      | Noticed a kobold demonologist
  9294 | D:7      | Noticed an orange demon
  9356 | D:7      | Killed a kobold demonologist
  9356 | D:7      | Reached **** piety under Okawaru
  9576 | D:8      | Paralysed by a hornet for 2 turns
  9732 | D:8      | Reached skill level 10 in Armour
  9737 | D:8      | Reached skill level 10 in Fighting
  9758 | D:8      | Reached XP level 10. HP: 93/93 MP: 9/9
  9853 | D:8      | Noticed Maurice
  9864 | D:8      | Gained mutation: You are weak. (Str -2) [potion of
                  | mutation]
  9864 | D:8      | Gained mutation: You expend magic power (3 MP) to
                  | strengthen your wands. [potion of mutation]
  9864 | D:8      | Gained mutation: You have a pair of large horns on your
                  | head. [potion of mutation]
  9864 | D:8      | Asphyxiated

Illustrated notes

Levels and vault maps discovered:
D:1:      erik_arrival_blinker_ship, layout_loops_corners,
          hellmonk_ecumenical_altar_the_god_not_taken, minivault_24
D:2:      cheibrodos_fertilizer, layout_loops_ring, st_stairs_12,
          due_unseen_surprise, uniq_natasha
D:3:      layout_loops_ring, serial_shops, shop, chequers_avenue,
          minmay_three_crescents
D:4:      layout_basic, minmay_temple_entry_purple_smoke, ebering_ghost_gozag
D:5:      layout_cave_pools, lemuel_mausoleum_altar_yredelemnul, serial_shops,
          nicolae_shop_competitors_out_of_business
D:6:      layout_gridville, uniq_sigmund, uniq_menkaure
D:7:      layout_loops_corners, serial_shops, nicolae_take_the_stairs,
          nicolae_shop_clearance, uniq_pikel, uniq_duvessa, uniq_joseph
D:8:      layout_basic, hangedman_feature_mirror, minivault_11, uniq_maurice,
          uniq_grum, uniq_amaemon, uniq_erica
Temple:   kilobyte_greek_temple

Skill      XL: |  1  2  3  4  5  6  7  8  9 |
---------------+----------------------------+-----
Fighting       | 4 5 6 7 8 10 | 10.1
Armour         | 4 5 6 7 8 10 | 10.1
Axes           | 3 4 5 6 7 9 |  9.5
Shields        | 4 5 6 7 |  7.5

Action                   |  1- 3 |  4- 6 |  7- 9 | 10-12 || total
-------------------------+-------+-------+-------+-------++-------
Melee: War axe           |    77 |   168 |   252 |    12 ||   509
       Headbutt          |     8 |    18 |    51 |     2 ||    79
Throw: Boomerang         |       |     4 |     6 |       ||    10
       Dart              |       |       |     1 |     1 ||     2
  Use: Potion            |       |       |       |     2 ||     2
Armor: Scale mail        |    48 |    81 |    70 |       ||   199
       Chain mail        |       |       |    18 |     6 ||    24
Dodge: Dodged            |    35 |    80 |    83 |     3 ||   201
Block: Buckler           |    12 |    33 |    59 |     3 ||   107
